AoeStats
← EL GATO TECHERO

Arabia

509815287Analyzed
3v3 RM · 6d ago on Sep 28, 2026· 40m 13s· 6 players
Game mode
Random Map
Map size
Normal (6 player)
Population
200
Speed
Normal
Resources
Standard
Victory
Conquest
Starting age
Dark Age
Ending age
Imperial Age
RankedLock teamsTeams togetherTeam positionsShared explorationLock speedFull tech treeHidden civsTurbo modeCheats
Victory
Defeat
1028
+15
🇵🇪 Portuguese · Peru
1011
+15
🇵🇪 Magyars · Peru
793
+24
🇺🇸 Varangians · United States
1026
-20
🇨🇱 Byzantines · Chile
975
-17
🇨🇱 Persians · Chile
972
-17
Rock-King
11:07 Feudal Age
11:16 Man-at-Arms
12:41 Arson
21:54 Double-Bit Axe
22:57 Forging
24:17 Horse Collar
26:48 Castle Age
29:12 Loom
30:07 Bow Saw
diego02041989
7:39 Loom
9:56 Feudal Age
10:52 Double-Bit Axe
12:16 Horse Collar
14:30 Forging
19:43 Gold Mining
24:45 Castle Age
23:05 Stone Mining
24:05 Wheelbarrow
24:33 Bloodlines
24:40 Scale Barding Armor
25:27 Husbandry
32:55 Hand Cart
33:18 Iron Casting
33:03 Chain Barding Armor
35:56 Bow Saw
36:26 Gold Shaft Mining
40:38 Imperial Age
38:59 Chain Barding Armor
Paquesito
5:12 Loom
10:22 Feudal Age
12:48 Scale Mail Armor
18:17 Double-Bit Axe
21:10 Castle Age
22:26 Wheelbarrow
22:28 Horse Collar
22:59 Bow Saw
27:12 Imperial Age
27:57 Fletching
27:53 Elite Skirmisher
31:08 Husbandry
33:26 Scale Mail Armor
34:50 Heavy Plow
36:18 Forging
37:38 Iron Casting
37:22 Gambesons
37:38 Squires
37:23 Arson
39:37 Chain Mail Armor
39:04 Pikeman
40:46 Conscription
EL GATO TECHERO
4:15 Loom
10:47 Feudal Age
11:31 Double-Bit Axe
14:24 Horse Collar
24:10 Castle Age
24:32 Bloodlines
25:40 Husbandry
25:39 Gold Mining
25:33 Light Cavalry
27:01 Scale Barding Armor
28:47 Chain Barding Armor
35:49 Wheelbarrow
35:30 Pikeman
37:49 Scale Mail Armor
39:41 Gold Shaft Mining
FOX MULDER
2:58 Loom
11:26 Feudal Age
18:59 Town Watch
19:10 Fletching
22:23 Castle Age
21:46 Horse Collar
21:52 Double-Bit Axe
25:46 Gold Mining
26:46 Bodkin Arrow
29:48 Wheelbarrow
34:59 Imperial Age
37:06 Chemistry
37:30 Bow Saw
El preñador de coneras
6:36 Loom
9:34 Feudal Age
13:15 Fletching
18:45 Double-Bit Axe
19:34 Horse Collar
21:24 Padded Archer Armor
22:32 Gold Mining
24:17 Wheelbarrow
26:31 Castle Age
27:24 Crossbowman
28:28 Bloodlines
28:19 Husbandry
28:20 Bodkin Arrow
28:41 Leather Archer Armor
28:32 Scale Barding Armor
28:38 Forging
30:31 Town Watch
32:15 Chain Barding Armor
32:31 Iron Casting
33:14 Ballistics
33:05 Thumb Ring
33:52 Heavy Plow
35:02 Hand Cart
35:40 Bow Saw
38:31 Town Patrol
39:08 Gold Shaft Mining
42:36 Imperial Age
Connection lost

Rejoining the realm…

Still unreachable

The connection could not be restored.

Session expired

The server has moved on; the page needs a fresh start.